 Dungeon Crawl Stone Soup version 0.25-a0-517-gf8b3a32422 (console) character file.

Game seed: 14660608233952200164, levelgen mode: deterministic

16 surprisetrex the Firebug (level 2, -2/20 HPs)
             Began as a Hill Orc Fire Elementalist on Feb 16, 2020.
             Slain by a quokka (3 damage)
             ... on level 2 of the Dungeon on Feb 17, 2020.
             The game lasted 00:03:34 (1050 turns).

surprisetrex the Firebug (HOFE)                     Turns: 1050, Time: 00:03:35

Health: -2/20      AC:  3    Str: 10    XL:     2   Next: 58%
Magic:  0/4        EV:  9    Int: 15    God:
Gold:   32         SH:  8    Dex: 11    Spells: 3/4 levels left

rFire    . . .     SeeInvis .   d - +0 dagger
rCold    . . .     Gourm    .   h - +2 kite shield
rNeg     + . .     Faith    .   a - +0 robe
rPois    .         Spirit   .   (no helmet)
rElec    .         Reflect  .   e - +0 cloak
rCorr    .         Harm     .   (no gloves)
MR       .....                  (no boots)
Stlth    ++........             (no amulet)
HPRegen  0.06/turn              l - ring of positive energy
MPRegen  0.09/turn              (no ring)

@: very slightly contaminated
A: no striking features
a: no special abilities


You were on level 2 of the Dungeon.
You were very hungry.

You visited 1 branch of the dungeon, and saw 2 of its levels.

You collected 32 gold pieces.

Inventory:

Hand Weapons
 d - a +0 dagger (weapon)
Armour
 a - a +0 robe (worn)
 e - a +0 cloak (worn)
 h - a +2 kite shield (worn)
Jewellery
 l - a ring of positive energy (left hand)
Scrolls
 g - 3 scrolls of identify {unknown}
 i - 2 scrolls of enchant armour {unknown}
 j - a scroll of amnesia {unknown}
 k - a scroll of magic mapping {unknown}
 m - 2 scrolls of enchant weapon {unknown}
Potions
 b - a potion of curing {unknown}
 f - 2 potions of berserk rage {unknown}
Comestibles
 c - a ration


   Skills:
 - Level 1.5 Dodging
 - Level 1.5 Stealth
 - Level 1.5 Spellcasting
 - Level 1.0 Conjurations
 + Level 4.2 Fire Magic


You had 3 spell levels left.
You knew the following spells:

 Your Spells              Type           Power        Failure   Level  Hunger
a - Foxfire               Conj/Fire      #...         50%         1    ##.....

Your spell library contained the following spells:

 Spells                   Type           Power        Failure   Level  Hunger
 Conjure Flame            Conj/Fire      #.......     86%         3    ####...
 Inner Flame              Hex/Fire       #.......     90%         3    ####...
 Sticky Flame             Conj/Fire      #.......     99%         4    #####..
 Fireball                 Conj/Fire      #.........   100%        5    ######.


Dungeon Overview and Level Annotations

Branches:
Dungeon (2/15)

Altars:


Message History

The hobgoblin is moderately wounded.
The hobgoblin closely misses you. The quokka bites you.
* * * LOW HITPOINT WARNING * * *
Casting: Foxfire (safe; 50% risk of failure)
Confirm with . or Enter, or press ? or * to list all spells.
You conjure some foxfire!
You are feeling very hungry.
The quokka bites you.
* * * LOW HITPOINT WARNING * * *
The hobgoblin closely misses you.
You completely miss the hobgoblin.
The hobgoblin is moderately wounded.
The foxfire hits the hobgoblin.
The hobgoblin is almost dead.
The foxfire hits the quokka.
The quokka is heavily wounded.
The quokka barely misses you. The hobgoblin hits you with a +0 club.
* * * LOW HITPOINT WARNING * * *
The quokka bites you.
You die...

#.# ##.# #$..
#..# # #..###.#
. ##. ..... ...
.....##.g#..#
#.....@.(..#
>.##.##.r......
#........
.....#.#.
#.#......
..#.##.#. ..#.#
.# ..... #


You could see a quokka and a hobgoblin.

Vanquished Creatures
  2 giant cockroaches (D:1)
  A goblin (D:1)
  3 hobgoblins (D:1)
  3 jackals (D:1)
  3 kobolds
  2 rats (D:1)
14 creatures vanquished.

Vanquished Creatures (others)
  39 foxfires
39 creatures vanquished.

Grand Total: 53 creatures vanquished

Notes
Turn   | Place    | Note
-------+----------+-------------------------------------------
     0 | D:1      | surprisetrex the Hill Orc Fire Elementalist began the quest
                  | for the Orb.
     0 | D:1      | Reached XP level 1. HP: 14/14 MP: 3/3
     0 | D:1      | Upgraded the game from 0.25-a0-513-ge77a69270c to
                  | 0.25-a0-517-gf8b3a32422
   354 | D:1      | Reached XP level 2. HP: 20/20 MP: 1/4
   370 | D:1      | Reached skill level 4 in Fire Magic
  1050 | D:2      | HP: 1/20 [hobgoblin/+0 club (6)]
  1050 | D:2      | Slain by a quokka

Levels and vault maps discovered:
D:1:      dpeg_arrival_shrine, layout_basic
D:2:      minmay_door_path, layout_loops_cross, nicolae_overflow_crystal_walls

Skill      XL: |  1  2 |
---------------+-------+-----
Fire Magic     | 4 |  4.2
Dodging        | |  1.5
Stealth        | |  1.5
Spellcasting   | |  1.5
Conjurations   | |  1.0

Action                   || total
-------------------------++-------
Melee: Dagger            ||    20
 Cast: Foxfire           ||    23
Armor: Robe              ||    10
Dodge: Dodged            ||    26
Block: Kite shield       ||     6

Table legend:
 A = Non-vault XP
 B = Vault XP
 C = Vault XP percentage of total XP
 D = Non-vault monster count
 E = Vault monster count
 F = Vault count percentage of total count
                 A         B        C        D         E       F
            +---------+---------+-------+---------+---------+-------
      Total |      24 |       0 |   0.0 |      14 |       0 |   0.0
            +---------+---------+-------+---------+---------+-------
        D:1 |      22 |       0 |   0.0 |      13 |       0 |   0.0
        D:2 |       2 |       0 |   0.0 |       1 |       0 |   0.0
            +---------+---------+-------+---------+---------+-------
